 Dungeon Crawl Stone Soup version 0.27.0-65-ge2af304b15 (webtiles) character file.

Game seed: 8351086836119378165

42 Crownlay the Chopper (level 3, -7/31 HPs)
             Began as a Hill Orc Fighter on Aug 18, 2021.
             Mangled by an iguana (10 damage)
             ... on level 2 of the Dungeon.
             The game lasted 00:01:13 (1225 turns).

Crownlay the Chopper (Hill Orc Fighter)             Turns: 1225, Time: 00:01:14

Health: -7/31      AC:  6    Str: 19    XL:     3   Next: 56%
Magic:  3/3        EV:  7    Int:  8    God:
Gold:   31         SH:  9    Dex: 10    Spells: 2/2 levels left

rFire    . . .     SeeInvis .   a - +0 war axe
rCold    . . .     Faith    .   c - +0 kite shield
rNeg     . . .     Spirit   .   b - +0 scale mail
rPois    .         Reflect  .   (no helmet)
rElec    .         Harm     .   (no cloak)
rCorr    .         Rampage  .   (no gloves)
Will     .....                  (no boots)
Stlth    ..........             (no amulet)
HPRegen  0.10/turn              (no ring)
MPRegen  0.08/turn              (no ring)

@: no status effects
A: no striking features
a: no special abilities


You were on level 2 of the Dungeon.
You visited 1 branch of the dungeon, and saw 2 of its levels.

You collected 31 gold pieces.

Inventory:

Hand Weapons
 a - a +0 war axe (weapon)
Armour
 b - a +0 scale mail (worn)
 c - a +0 kite shield (worn)
Scrolls
 e - 2 scrolls of teleportation {unknown}
 f - a scroll of identify {unknown}
 h - a scroll of enchant weapon {unknown}
Potions
 d - a potion of might
 g - a potion of lignification {unknown}


   Skills:
 - Level 3.6 Fighting
 * Level 4.5 Axes
 - Level 3.2 Armour
 + Level 3.8 Shields


You had 2 spell levels left.
You didn't know any spells.
Your spell library contained the following spells:

 Spells                   Type           Power      Damage    Failure   Level
 Animate Skeleton         Necr           0%         N/A       99%         1
 Apportation              Tloc           0%         N/A       99%         1
 Corona                   Hex            0%         N/A       99%         1
 Summon Small Mammal      Summ           0%         N/A       99%         1


Dungeon Overview and Level Annotations

Branches:
Dungeon (2/15)

Altars:


Message History

The iguana bites you but does no damage.
You block the iguana's attack.
You slash the iguana!
The iguana is heavily wounded.
The iguana closely misses you.
You hit the iguana but do no damage.
The iguana is heavily wounded.
The iguana bites you but does no damage.
You barely miss the iguana.
The iguana is heavily wounded.
The iguana bites you. You block the iguana's attack.
Your shield and scale mail prevent you from hitting the iguana.
The iguana is heavily wounded.
The iguana bites you!
You closely miss the iguana.
The iguana is moderately wounded.
The iguana bites you. You block the iguana's attack.
You are too injured to fight recklessly!
You are too injured to fight recklessly!
You are too injured to fight recklessly!
You are too injured to fight recklessly!
You are too injured to fight recklessly!
Your shield prevents you from hitting the iguana.
The iguana is moderately wounded.
The iguana bites you but does no damage. x2
You slash the iguana!
The iguana is severely wounded.
You block the iguana's attack.
You barely miss the iguana.
The iguana is severely wounded.
The iguana bites you!
* * * LOW HITPOINT WARNING * * *
You block the iguana's attack.
You hit the iguana but do no damage.
The iguana is severely wounded.
The iguana barely misses you.
You hit the iguana.
The iguana is almost dead.
You block the iguana's attack. The iguana bites you!
You die...

#...PP≈.♣ #.#≈≈≈..≈
#.P≈≈≈≈≈≈
#######+########..≈≈≈≈≈.
..................≈.≈≈≈≈
...........######.≈≈≈≈≈.
......[....######..≈≈≈≈≈
######'##........≈≈≈≈≈≈
#.@.##......♣≈≈≈.≈P
#..l..##.......≈≈≈P.
#..$....#.........♣..
#.......#.......###.#
#...(...#...........#
##.....##...†......##
##...##...........#
#####............#
####)........#


You could see an iguana.

Vanquished Creatures
  An adder (D:2)
  A dart slug (D:1)
  2 ball pythons (D:1)
  2 endoplasms (D:1)
  5 goblins
  3 hobgoblins (D:1)
  5 jackals
  A kobold (D:1)
  4 bats
  3 rats
27 creatures vanquished.

Vanquished Creatures (others)
  A plant (D:2)
1 creature vanquished.

Grand Total: 28 creatures vanquished

Notes
Turn   | Place    | Note
-------+----------+-------------------------------------------
     0 | D:1      | Crownlay the Hill Orc Fighter began the quest for the Orb.
     0 | D:1      | Reached XP level 1. HP: 19/19 MP: 1/1
   104 | D:1      | Reached skill level 3 in Axes
   150 | D:1      | Reached XP level 2. HP: 8/26 MP: 2/2
   840 | D:1      | Reached skill level 4 in Axes
   842 | D:1      | Reached XP level 3. HP: 24/31 MP: 3/3
  1026 | D:1      | Found a faded altar of an unknown god.
  1225 | D:2      | Mangled by an iguana

Illustrated notes

Levels and vault maps discovered:
D:1:      shiori_arrival_maze, layout_basic,
          ebering_ecumenical_altar_sacrificial, chequers_serial_rivers_micro_d,
          kennysheep_nondescript, minmay_splitting_lines
D:2:      kennysheep_six_static_rooms, layout_rooms, basic_altar,
          serial_bayou_pond_b, uniq_robin, uniq_sigmund, uniq_jessica

Skill      XL: |  1  2 |
---------------+-------+-----
Axes           | 3 4 |  4.5
Fighting       | |  3.6
Armour         | |  3.2
Shields        | |  3.8

Action                   || total
-------------------------++-------
Melee: War axe           ||    84
Armor: Scale mail        ||    27
Dodge: Dodged            ||    29
Block: Kite shield       ||    54
